Map: Efflorescence LE

Players

DropDead - Winner!

  • Race: Protoss Protoss
  • League: Platinum
  • Spawn Location: 9:00

Frankiller - Winner!

  • Race: Terran Terran
  • League: Diamond
  • Spawn Location: 6:00

qqq

  • Race: Zerg Zerg
  • Spawn Location: 12:00

Massa

  • Race: Terran Terran
  • League: Platinum
  • Spawn Location: 3:00

VOD

Have the link to the VOD?

Description

Time

  • Played on: Oct. 31, 2020, 6:43 a.m.
  • Length: 6:53
Show
View Real Time Build Order
Export as new Build Order

DropDead Protoss - Winner!

Build Orders:  

Get SALT Encoding   

  12  0:00  Probe  
  13  0:14  Pylon  
  13  0:18  Probe (Chrono Boost)  
  14  0:28  Probe (Chrono Boost)  
  15  0:32  Probe (Chrono Boost)  
  16  0:44  Probe, Gateway  
  17  0:56  Probe  
  18  1:00  Assimilator  
  18  1:08  Probe  
  19  1:21  Probe  
  20  1:33  Probe  
  21  1:43  Cybernetics Core  
  21  1:54  Nexus  
  21  2:01  Probe  
  22  2:11  Assimilator  
  22  2:13  Probe  
  22  2:14  Pylon  
  21  2:22  Warp Gate  
  22  2:25  Probe  
  23  2:31  Adept (Chrono Boost)  
  25  2:37  Probe  
  26  2:44  Twilight Council  
  26  2:51  Gateway  
  26  2:53  Gateway  
  26  2:55  Probe  
  27  3:07  Adept  
  27  3:11  Robotics Facility  
  29  3:14  Probe  
  29  3:16  Resonating Glaives (Chrono Boost)  
  30  3:27  Probe  
  30  3:28  Probe  
  32  3:40  Probe  
  33  3:47  Gateway  
  33  3:51  Probe  
  33  3:54  Pylon  
  33  3:55  Probe  
  35  3:59  Observer (Chrono Boost)  
  36  4:03  Probe  
  37  4:12  Warp Prism (Chrono Boost), Adept  
  37  4:16  Adept  
  43  4:18  Probe  
  44  4:29  Adept  
  46  4:39  Adept x2  
  50  4:51  Probe x2  
  52  4:56  Shield Battery  
  52  4:59  Pylon  
  52  5:02  Pylon  
  52  5:03  Probe  
  43  5:43  Adept x4  
  51  5:51  Robotics Bay  
  51  5:53  Probe  
  51  5:54  Probe, Gateway  
  51  5:56  Gateway  
  49  5:57  Gateway, Assimilator  
  49  5:58  Gateway  
  49  6:01  Assimilator  
  49  6:05  Adept x2  
  49  6:06  Probe x2  
  55  6:11  Pylon  
  55  6:14  Pylon  
  55  6:18  Probe  
  56  6:52  Adept x6  
Show
View Real Time Build Order
Export as new Build Order

Frankiller Terran - Winner!

Build Orders:  

Get SALT Encoding   

  12  0:03  SCV  
  13  0:15  SCV  
  13  0:19  Supply Depot  
  14  0:21  Supply Depot  
  14  0:27  SCV  
  15  0:30  Refinery  
  15  0:43  SCV  
  15  0:48  Barracks  
  16  0:59  SCV  
  17  1:12  SCV  
  18  1:35  Orbital Command  
  18  1:36  Reaper  
  18  1:39  Refinery  
  19  1:50  Factory  
  19  2:01  SCV  
  20  2:13  SCV  
  21  2:25  SCV  
  21  2:26  Barracks Tech Lab, Command Center  
  22  2:33  Supply Depot  
  22  2:40  SCV  
  23  2:47  Starport  
  23  2:55  SCV  
  24  2:58  Barracks Reactor  
  24  3:07  SCV, Siege Tank  
  28  3:19  SCV  
  29  3:26  Viking  
  29  3:27  Supply Depot  
  31  3:37  Marine x2  
  31  3:38  SCV  
  31  3:39  Supply Depot  
  34  3:49  Widow Mine  
  34  3:50  SCV  
  34  3:54  Engineering Bay  
  37  3:55  Marine  
  37  3:57  Marine  
  37  4:02  SCV  
  39  4:13  Marine  
  39  4:14  SCV, Marine  
  39  4:15  Siege Tank  
  44  4:17  Starport Reactor  
  44  4:31  Marine  
  37  4:34  Marine  
  37  4:35  SCV  
  40  4:46  Barracks  
  40  4:47  Siege Tank  
  40  4:49  Marine  
  40  4:52  Marine  
  45  4:57  Viking  
  47  5:02  Missile Turret  
  47  5:03  SCV  
  48  5:08  Missile Turret  
  48  5:14  Marine x2  
  48  5:15  SCV  
  48  5:20  Orbital Command  
  51  5:29  Widow Mine  
  51  5:32  SCV, Marine x2  
  51  5:34  Marine  
  57  5:45  SCV  
  58  5:50  Marine x2  
  58  5:51  Marine  
  61  5:59  SCV  
  62  6:06  Siege Tank  
  62  6:21  Supply Depot  
  62  6:29  Barracks  
  62  6:47  Supply Depot  
  70  6:48  Refinery  
  70  6:49  Refinery  
  70  6:51  Supply Depot  
  70  6:52  Supply Depot  
Show
View Real Time Build Order
Export as new Build Order

qqq Zerg 

Build Orders: Hatch First 

Get SALT Encoding   

  12  0:01  Drone  
  13  0:12  Drone  
  14  0:40  Hatchery  
  14  0:41  Drone  
  14  1:04  Spawning Pool  
  14  1:10  Drone, Overlord  
  14  1:13  Extractor  
  14  1:15  Drone  
  14  1:31  Drone  
  15  1:38  Drone  
  16  1:57  Drone  
  16  1:59  Drone x2  
  19  2:21  Drone x2  
  21  2:23  Queen  
  21  2:25  Queen  
  21  2:26  Drone  
  21  2:27  Drone  
  21  2:29  Overlord  
  27  2:32  Drone  
  27  2:36  Drone  
  28  2:43  Metabolic Boost  
  28  2:50  Drone  
  29  2:55  Zergling x4  
  29  2:57  Drone  
  32  3:04  Overlord  
  32  3:10  Drone  
  32  3:11  Zergling x2  
  34  3:20  Drone  
  34  3:22  Zergling x2  
  36  3:31  Zergling x4  
  36  3:32  Drone  
  39  3:39  Drone x3  
  39  3:40  Zergling x2, Overlord  
  43  3:48  Zergling x2  
  43  3:54  Lair  
  44  3:58  Overlord  
  44  3:59  Drone  
  44  4:00  Drone  
  46  4:08  Zergling x4  
  46  4:09  Drone, Zergling x4  
  51  4:11  Hatchery, Drone  
  51  4:14  Overlord  
  44  4:38  Zergling x2  
  44  4:39  Zergling x2  
  45  4:46  Drone x3  
  45  4:51  Zergling x2  
  49  4:56  Drone  
  49  4:58  Hydralisk Den  
  49  5:03  Extractor  
  49  5:04  Extractor  
  47  5:09  Spore Crawler  
  47  5:11  Zergling x4  
  47  5:12  Zergling x4  
  50  5:18  Drone x4  
  50  5:19  Drone  
  52  5:29  Zergling x4  
  52  5:31  Drone x2  
  50  5:44  Zergling x8  
  50  5:45  Drone x4  
  56  5:53  Zergling x2  
  56  5:54  Zergling x2  
  53  6:26  Hydralisk x2  
  53  6:28  Lurker Den  
  53  6:29  Overlord x4  
Show
View Real Time Build Order
Export as new Build Order

Massa Terran 

Build Orders:  

Get SALT Encoding   

  12  0:01  SCV  
  13  0:13  SCV  
  14  0:22  Supply Depot  
  14  0:25  SCV  
  15  0:31  Refinery  
  15  0:43  SCV  
  15  0:48  Barracks  
  16  0:55  SCV  
  17  1:07  SCV  
  18  1:20  SCV  
  19  1:32  SCV  
  20  1:34  Reaper  
  21  1:47  Command Center  
  21  1:53  Orbital Command  
  21  2:06  Marine  
  21  2:23  SCV  
  22  2:39  Barracks Reactor  
  22  2:41  SCV  
  23  2:50  Command Center  
  23  2:59  SCV, Supply Depot  
  23  3:02  Factory  
  24  3:11  SCV  
  25  3:13  Refinery  
  25  3:18  Supply Depot  
  25  3:20  Engineering Bay  
  25  3:22  Marine x2  
  27  3:35  Orbital Command  
  27  3:37  SCV  
  27  3:40  Marine  
  29  3:47  Factory Tech Lab, Marine  
  30  3:52  SCV  
  31  3:58  Marine  
  31  3:59  Missile Turret  
  32  4:05  SCV x2, Marine  
  35  4:11  Orbital Command  
  35  4:20  Starport  
  35  4:24  Siege Tank  
  35  4:26  Marine  
  35  4:28  SCV  
  35  4:30  SCV  
  41  4:40  SCV, Missile Turret  
  41  4:42  SCV  
  41  4:44  Missile Turret  
  43  4:47  Missile Turret  
  43  4:50  Missile Turret  
  43  4:51  SCV  
  44  5:02  Barracks  
  44  5:04  Marine  
  44  5:05  Marine  
  46  5:07  Medivac  
  46  5:10  SCV  
  46  5:11  SCV x2  
  46  6:04  Liberator  
  49  6:13  Barracks Tech Lab  
  43  6:41  Barracks  
  43  6:42  Barracks  
  43  6:44  Barracks  
  43  6:45  Barracks  
  43  6:46  Barracks, Supply Depot  
  40  6:47  Supply Depot  
  40  6:48  Barracks  
  40  6:49  Supply Depot  
Tags
 
Add a new tag
Caveats
  • Supply blocks, unpowered buildings, or Contaminate may cause inaccurate times.
  • Supply counts are checked every 10 seconds.